 Dungeon Crawl Stone Soup version 0.19.0-16-g73b5abf (webtiles) character file.

1014 SaltedButter the Cleaver (level 8, -9/70 HPs)
             Began as a Hill Orc Berserker on Nov 10, 2016.
             Was a Believer of Trog.
             Mangled by a crocodile (11 damage)
             ... on level 11 of the Dungeon.
             The game lasted 00:22:17 (4800 turns).

SaltedButter the Cleaver (Hill Orc Berserker)       Turns: 4800, Time: 00:22:17

Health: -9/70      AC: 10    Str: 22    XL:     8   Next: 21%
Magic:  8/8        EV:  8    Int:  7    God:    Trog [**....]
Gold:   95         SH:  0    Dex: 10    Spells: 0 memorised, 7 levels left

rFire  . . .     SeeInvis .     j - +0 battleaxe
rCold  . . .     Gourm    .     f - +0 chain mail
rNeg   . . .     Faith    .     (shield currently unavailable)
rPois  .         Spirit   .     (no helmet)
rElec  .         Reflect  .     (no cloak)
rCorr  .         Harm     .     (no gloves)
MR     .....                    (no boots)
Stlth  ..........               (no amulet)
                                (no ring)
                                o - ring of flight

@: no status effects
A: no striking features
a: Berserk, Trog's Hand, Burn Spellbooks, Renounce Religion, Evoke Flight


You were on level 11 of the Dungeon.
You worshipped Trog.
Trog was pleased with you.
You were not hungry.

You visited 1 branch of the dungeon, and saw 9 of its levels.

You collected 95 gold pieces.

Inventory:

Hand Weapons
 a - a +0 hand axe
 d - a +0 club
 j - a +0 battleaxe (weapon)
 r - a +0 long sword
 v - a +0 flail of protection
 w - a +2 antimagic dagger
 y - a +0 hand axe
Missiles
 e - 119 stones
 g - 46 poisoned needles (quivered)
Armour
 b - a +0 animal skin
 f - a +0 chain mail (worn)
 i - a +0 ring mail
 n - a +1 hat
Jewellery
 o - a ring of flight (left hand)
Scrolls
 h - a scroll of fear {unknown}
 k - 2 scrolls of teleportation {unknown}
 l - a scroll of enchant armour {unknown}
 m - 2 scrolls of amnesia {unknown}
 q - a scroll of remove curse {unknown}
 s - a scroll of recharging {unknown}
Potions
 p - a potion of flight
 t - a potion of cancellation {unknown}
 u - 2 potions of curing {unknown}
 x - a potion of agility {unknown}
Books
 c - a book of Conjurations

   Spells                             Type                      Level
   a - Magic Dart                     Conjuration                  1
   b - Searing Ray                    Conjuration                  2
   c - Dazzling Spray                 Conjuration/Hexes            3
   d - Fulminant Prism                Conjuration/Hexes            4
   e - Iskenderun's Mystic Blast      Conjuration                  4
   f - Iskenderun's Battlesphere      Conjuration/Charms           5
   Trog disapproves of the use of such an item.


   Skills:
 + Level 5.7 Fighting
 + Level 9.5 Axes
 + Level 0.1 Throwing
 + Level 5.5 Armour
 + Level 2.2 Dodging
 + Level 0.6 Stealth


You had 7 spell levels left.
You didn't know any spells.

Dungeon Overview and Level Annotations

Branches:
Dungeon (11/15)
 Temple: D:4-7         Lair: D:8-11         Orc: D:9-12

Altars:
Hepliaklqana

Shops:
D:5 *


Message History

The iguana bites you.
* * * LOW HITPOINT WARNING * * *
The steam dragon closely misses you.
The steam dragon claws you but does no damage.
The iguana barely misses you.
You slash the iguana!
The iguana is heavily wounded.
You closely miss the steam dragon. The steam dragon barely misses you.
The steam dragon claws you but does no damage.
The iguana bites you but does no damage.
You slash the iguana!
The iguana is almost dead.
You barely miss the crocodile. You barely miss the steam dragon.
The steam dragon barely misses you.
The steam dragon claws you but does no damage.
The iguana bites you.
* * * LOW HITPOINT WARNING * * *
The crocodile is engulfed in a cloud of scalding steam.
The crocodile bites you!
You die...

## #.###
###########..###
......l@t###†#.#
...###..D.....#
###.............
##.###........
### .##.....# #
#...#. #.#.. ##
#


You could see a steam dragon, a crocodile and an iguana.

Vanquished Creatures
  A komodo dragon (D:11)
  3 centaurs (D:10)
  A big kobold (D:10)
  A scorpion (D:5)
  2 bullfrog zombies (D:5)
  2 orc priests
  2 bullfrog skeletons
  An orc wizard (D:10)
  An iguana (D:5)
  2 worker ants (D:5)
  A worker ant zombie (D:5)
  A howler monkey zombie (D:5)
  3 adders
  An adder zombie (D:6)
  A worm (D:2)
  2 dart slugs (D:1)
  4 leopard geckos
  6 orcs
  3 bats (D:1)
  A giant cockroach (D:5)
  5 hobgoblins
  A jackal (D:2)
  3 quokkas
  A kobold (D:1)
  A leopard gecko zombie (D:5)
  A rat (D:1)
51 creatures vanquished.

Notes
Turn   | Place    | Note
-------+----------+-------------------------------------------
     0 | D:1      | SaltedButter the Hill Orc Berserker began the quest for the Orb.
     0 | D:1      | Reached XP level 1. HP: 19/19 MP: 1/1
   445 | D:1      | Reached XP level 2. HP: 27/27 MP: 2/2
   838 | D:2      | Found a faded altar of an unknown god.
  1420 | D:2      | Reached XP level 3. HP: 33/33 MP: 3/3
  1442 | D:2      | Found a hazy altar of Hepliaklqana.
  2085 | D:4      | Reached skill level 5 in Axes
  2085 | D:4      | Reached XP level 4. HP: 25/40 MP: 4/4
  2204 | D:5      | Entered Level 5 of the Dungeon
  2809 | D:5      | Reached XP level 5. HP: 38/46 MP: 5/5
  2812 | D:5      | Reached skill level 6 in Axes
  3244 | D:5      | Reached XP level 6. HP: 32/53 MP: 6/6
  3612 | D:5      | Reached skill level 7 in Axes
  3631 | D:5      | Found Zaaq's General Store.
  3932 | D:6      | You fall through a shaft for 3 floors!
  3932 | D:9      | Noticed an orc warrior
  3953 | D:10     | Entered Level 10 of the Dungeon
  3958 | D:10     | Reached ** piety under Trog
  3964 | D:10     | Reached XP level 7. HP: 17/60 MP: 7/7
  4318 | D:10     | Reached skill level 8 in Axes
  4326 | D:10     | Reached skill level 5 in Fighting
  4783 | D:11     | Noticed a steam dragon
  4783 | D:11     | Noticed a komodo dragon
  4789 | D:11     | Reached skill level 9 in Axes
  4797 | D:11     | Killed a komodo dragon
  4797 | D:11     | Reached skill level 5 in Armour
  4797 | D:11     | Reached XP level 8. HP: 12/70 MP: 8/8
  4800 | D:11     | HP: 2/70 [iguana (6)]
  4800 | D:11     | Mangled by a crocodile

Skill      XL: |  1  2  3  4  5  6  7 |
---------------+----------------------+-----
Fighting       | 4 5 |  5.7
Dodging        | 2 |  2.2
Axes           | 5 6 7 9 |  9.5
Armour         | 3 4 5 |  5.5
Throwing       | |  0.1
Stealth        | |  0.6

Action                   |  1- 3 |  4- 6 |  7- 9 || total
-------------------------+-------+-------+-------++-------
Melee: Hand axe          |    44 |       |       ||    44
       Battleaxe         |    29 |    87 |    28 ||   144
Throw: Stone             |    10 |     3 |       ||    13
  Use: Potion            |       |     3 |       ||     3
  Eat: Chunk             |     2 |     1 |       ||     3
       Bread ration      |     1 |     1 |       ||     2
Armor: Animal skin       |    15 |       |       ||    15
       Ring mail         |    10 |     9 |       ||    19
       Chain mail        |       |    52 |    24 ||    76
Dodge: Dodged            |    90 |    60 |    30 ||   180
